AoeStats
← brandon_3110

Arabia

507370102Analyzed
3v3 RM · 25d ago on Sep 17, 2026· 22m 37s· 6 players
Game mode
Random Map
Map size
Normal (6 player)
Population
200
Speed
Normal
Resources
Standard
Victory
Conquest
Starting age
Dark Age
Ending age
Imperial Age
RankedLock teamsTeams togetherTeam positionsShared explorationLock speedFull tech treeHidden civsTurbo modeCheats
Victory
Defeat
🇲🇽 Persians · Mexico
1172
+14
🇲🇽 Franks · Mexico
1161
+15
🇦🇷 Celts · Argentina
1038
+20
vs
🇺🇾 Teutons · Uruguay
1137
-17
🇺🇾 Inca · Uruguay
1121
-16
🇺🇾 Hindustanis · Uruguay
1118
-16
[GDL] REVOLVER CANNABIS
10:18 Feudal Age
9:44 Loom
11:53 Double-Bit Axe
17:19 Scale Barding Armor
20:53 Castle Age
19:35 Forging
21:56 Chain Barding Armor
22:31 Husbandry
22:33 Light Cavalry
[GDL]Cemento
4:59 Loom
23:15 Feudal Age
BITCOIN_
8:56 Loom
11:44 Feudal Age
17:42 Castle Age
18:52 Pikeman
Lord Haliax
12:03 Feudal Age
16:03 Loom
Ramza
6:36 Loom
10:31 Feudal Age
12:10 Double-Bit Axe
12:08 Horse Collar
22:50 Castle Age
brandon_3110
10:58 Feudal Age
14:00 Horse Collar
17:06 Castle Age
18:21 Loom
Connection lost

Rejoining the realm…

Still unreachable

The connection could not be restored.

Session expired

The server has moved on; the page needs a fresh start.